 Dungeon Crawl Stone Soup version 0.27-a0-1140-g099f9bb0e8 (webtiles) character file.

Game seed: 17587157268863400156

33 dickylongcocking the Magician (level 3, -1/27 HPs)
             Began as a Djinni Hedge Wizard on May 8, 2021.
             Slain by a kobold
             ... wielding a +0 short sword
              (5 damage)
             ... on level 2 of the Dungeon.
             The game lasted 00:01:27 (1755 turns).

dickylongcocking the Magician (Djinni Hedge Wizard) Turns: 1755, Time: 00:01:28

Health: -1/27      AC:  2    Str:  9    XL:     3   Next: 29%
Gold:   42         EV: 12    Int: 16    God:
                   SH:  0    Dex: 12

rFire    + + .     SeeInvis .   d - +0 whip (vamp)
rCold    x . .     Faith    .   (no shield)
rNeg     . . .     Spirit   .   b - +0 robe
rPois    ∞         Reflect  .   c - +0 hat
rElec    .         Harm     .   (no cloak)
rCorr    .         Rampage  .   (no gloves)
Will     .....                  (boots unavailable)
Stlth    ++........             i - amulet of the acrobat
HPRegen  0.09/turn              (no ring)
MPRegen  0.00/turn              (no ring)

@: flying, very slightly contaminated, hasted, very quick
A: sickness immunity, fire resistance 2, cold vulnerability 1, float, innate
caster, hp casting, extra vitality 1
a: no special abilities


You were on level 2 of the Dungeon.
You visited 1 branch of the dungeon, and saw 2 of its levels.

You collected 42 gold pieces.

Inventory:

Hand Weapons
 a - a +0 dagger
 d - a +0 vampiric whip (weapon)
Armour
 b - a +0 robe (worn)
 c - a +0 hat (worn)
Jewellery
 i - an amulet of the acrobat (around neck)
Scrolls
 e - a scroll of magic mapping {unknown}
 f - a scroll of teleportation {unknown}
 g - a scroll of blinking {unknown}
 h - 2 scrolls of identify {unknown}
 j - a scroll of holy word {unknown}


   Skills:
 * Level 1.6 Fighting
 - Level 0.4 Short Blades
 * Level 1.0 Maces & Flails
 - Level 2.2 Dodging
 - Level 1.5 Stealth
 + Level 2.9 Spellcasting


You couldn't memorise any spells.
You knew the following spells:

 Your Spells              Type           Power      Damage    Failure   Level
a - Magic Dart            Conj           44%        1d5       5%          1
b - Blink                 Tloc           N/A        N/A       9%          2
c - Call Imp              Summ           11%        N/A       9%          2
d - Slow                  Hex            11%        N/A       9%          2
e - Conjure Flame         Conj/Fire      11%        6-21      17%         3
f - Mephitic Cloud        Conj/Pois/Air  11%        N/A       17%         3
g - Pain                  Necr           44%        1d6       5%          1
Your spell library was empty.

Dungeon Overview and Level Annotations

Branches:
Dungeon (2/15)

Altars:

Shops:
D:2 :


Innate Abilities, Weirdness & Mutations

You are immune to sickness and miasma.
You are immune to poison.
Your flesh is very heat resistant. (rF++)
You are vulnerable to cold. (rC-)
You float through the air rather than walking.
You learn spells naturally, not from books.
Your magical power is your life essence.
You have superior vitality. (+4 HP)


Message History

You closely miss the adder.
The adder is moderately wounded.
The adder misses you. The rat bites you. The kobold closely misses you.
You barely miss the adder.
The adder is moderately wounded.
The adder closely misses you. The rat bites you. The kobold barely misses you.
The adder bites you.
You hit the adder but do no damage.
The adder is moderately wounded.
The rat bites you but does no damage. The kobold barely misses you.
The adder bites you but does no damage.
You closely miss the adder.
The adder is moderately wounded.
The adder completely misses you. The rat bites you.
The kobold hits you with a +0 short sword.
The adder closely misses you.
You are too injured to fight recklessly!
Unknown command.
Okay, then.
It was a potion of haste.
You feel yourself speed up. The adder completely misses you.
The kobold hits you with a +0 short sword.
* * * LOW HITPOINT WARNING * * *
The adder bites you but does no damage.
Unknown command.
Casting: Magic Dart (safe; 5% risk of failure)
Confirm with . or Enter, or press ? or * to list all spells.
Okay, then.
Casting: Magic Dart (safe; 5% risk of failure)
Confirm with . or Enter, or press ? or * to list all spells.
The spell is quite dangerous to cast (17% risk of failure)!
Continue anyway?
Aiming: Mephitic Cloud (quite dangerous; 17% risk of failure)
Press: ? - help, Shift-Dir - straight line, f - adder
Aim: an adder (lightly wounded, chance to affect: 91%)
You miscast Mephitic Cloud.
You are very lightly contaminated with residual magic.
Nothing appears to happen.
* * * LOW HITPOINT WARNING * * *
The kobold hits you with a +0 short sword.
You die...

.....###.............#...
..........†...#...###....
..#.................#.#..
.............#......#.#..
....##+#......#......+....
....##+#.............#....
...........###............
.#.#.......# #..##+####...
#.......@.# #... #...
###.###K#S# #........#...
###.......#..........####
.....................#
.....................# ##
.....##..............###.
.##.. ...................
#......................
.......#.............


You could see an adder and a kobold.

Vanquished Creatures
  A dart slug (D:1)
  3 bats
  2 endoplasms
  A giant cockroach (D:1)
  3 goblins
  4 hobgoblins
  3 quokkas (D:1)
  2 ball pythons (D:1)
  4 frilled lizards
  2 kobolds (D:1)
  2 rats (D:1)
27 creatures vanquished.

Vanquished Creatures (collateral kills)
  2 giant cockroaches (D:1)
  A kobold (D:1)
3 creatures vanquished.

Grand Total: 30 creatures vanquished

Notes
Turn   | Place    | Note
-------+----------+-------------------------------------------
     0 | D:1      | dickylongcocking the Djinni Hedge Wizard began the quest
                  | for the Orb.
     0 | D:1      | Reached XP level 1. HP: 15/15 MP: 0/0
   345 | D:1      | Reached XP level 2. HP: 19/22 MP: 0/0
   611 | D:1      | Reached skill level 1 in Fighting
  1146 | D:1      | Found a faded altar of an unknown god.
  1159 | D:1      | Reached XP level 3. HP: 25/27 MP: 0/0
  1159 | D:1      | Learned a level 1 spell: Pain
  1347 | D:1      | Reached skill level 1 in Maces & Flails
  1503 | D:2      | Found Wexkihax's Book Emporium.
  1755 | D:2      | Slain by a kobold

Illustrated notes

Levels and vault maps discovered:
D:1:      erik_arrival_blinker_ship, layout_loops_ring, basic_ecumenical_altar
D:2:      layout_basic, serial_shops, shop

Skill      XL: |  1  2  3 |
---------------+----------+-----
Fighting       | 1 |  1.6
Maces & Flails | 1 |  1.0
Short Blades   | |  0.4
Dodging        | |  2.2
Stealth        | |  1.5
Spellcasting   | |  2.9

Action                   || total
-------------------------++-------
Melee: Dagger            ||     7
       Whip              ||   127
 Cast: Magic Dart        ||    16
       Call Imp          ||     1
  Use: Potion            ||     1
Armor: Robe              ||    41
Dodge: Dodged            ||   122

Table legend: (Time is in decaauts)
 A = Elapsed time spent in this place.
 B = Non-inter-level travel time spent in this place.
 C = Inter-level travel time spent in this place.
 D = Time resting spent in this place.
 E = Time spent auto-exploring this place.
 F = Levels seen in this place.
 G = Mean time per level.
                   A        B        C        D        E       F      G
               +--------+--------+--------+--------+--------+-----+--------+
         Total |   1763 |   1754 |      9 |      0 |   1447 |   2 |  881.5 |
       Dungeon |   1763 |   1754 |      9 |      0 |   1447 |   2 |  881.5 |
               +--------+--------+--------+--------+--------+-----+--------+

Top non-repeatable levels by time:
     D:1: 1508 daAuts
     D:2: 254 daAuts
